| TOP OF THE 1ST |
|
Elizabethton Twins batting - Pitching for Bluefield Blue Jays : RHP Bob Markle
|
|
Pitching: RHP Bob Markle
|
|
|
Batting: RHB Caleb Bockmann
|
0-0: Called Strike 0-1: Called Strike 0-2: Foul Ball, location: 2F 0-2: Ball 1-2: Fly out, F8 (Flyball, 8LD, EV 101.2 MPH)
|
|
Batting: RHB Kevin Harris
|
0-0: Foul Ball, location: 2F 0-1: Ball 1-1: Ball 2-1: Called Strike 2-2: Strikes out swinging
|
|
Batting: LHB Marshall Daul
|
0-0: Ball 1-0: Ball 2-0: Called Strike 2-1: SINGLE (Line Drive, 34D, EV 93.8 MPH)
|
|
Batting: LHB Brian Wagner
|
0-0: SINGLE (Line Drive, 5D, EV 99.4 MPH) Marshall Daul to second
|
|
Batting: RHB David McClellan
|
0-0: SINGLE (Groundball, 56D, EV 101.9 MPH) Marshall Daul to third Brian Wagner to second
|
|
Batting: LHB David Ramos
|
0-0: Ball 1-0: Foul Ball, location: 2F 1-1: Ball 2-1: Ball 3-1: Base on Balls Marshall Daul scores Brian Wagner to third David McClellan to second
|
|
Batting: RHB Steve Terrell
|
0-0: Called Strike 0-1: Ball 1-1: Ball 2-1: SINGLE (Flyball, 5D, EV 95.6 MPH) Brian Wagner scores David McClellan to third David Ramos to second Runner from 3rd tries for Home, SAFE, throw by LF to home
|
|
Batting: LHB Jon Ventura
|
0-0: Ball 1-0: Called Strike 1-1: Foul Ball, location: 2F 1-2: Strikes out swinging
|
| Top of the 1st over - 3 runs, 4 hits, 0 errors, 2 left on base; Elizabethton 3 - Bluefield 0 |
| BOTTOM OF THE 1ST |
|
Bluefield Blue Jays batting - Pitching for Elizabethton Twins : RHP Felix Perez
|
|
Pitching: RHP Felix Perez
|
|
|
Batting: RHB Stephen Casteel
|
0-0: Foul Ball, location: 2F 0-1: Ball 1-1: Ball 2-1: Ball 3-1: Foul Ball, location: 2F 3-2: Ground out 4-3 (Groundball, 4, EV 86.9 MPH)
|
|
Batting: LHB Lothar Middelkoop
|
0-0: Ball 1-0: SINGLE (Line Drive, 34D, EV 96.2 MPH)
|
|
Batting: RHB Bill Murray
|
0-0: Fly out, F7 (Flyball, 7LM, EV 83.1 MPH)
|
|
Batting: LHB Eric Toney
|
0-0: Ball 1-0: Ball 2-0: Ground out U3 (Groundball, 3L, EV 96.2 MPH)
|
| Bottom of the 1st over - 0 runs, 1 hit, 0 errors, 1 left on base; Elizabethton 3 - Bluefield 0 |
| TOP OF THE 2ND |
|
Elizabethton Twins batting - Pitching for Bluefield Blue Jays : RHP Bob Markle
|
|
Batting: RHB David McDonald
|
0-0: Swinging Strike 0-1: Swinging Strike 0-2: Foul Ball, location: 2F 0-2: Ball 1-2: Foul Ball, location: 2F 1-2: Strikes out swinging
|
|
Batting: RHB Caleb Bockmann
|
0-0: SOLO HOME RUN (Flyball, 7D, EV 95.0 MPH), Distance : 378 ft
|
|
Batting: RHB Kevin Harris
|
0-0: Ball 1-0: Ground out 4-3 (Groundball, 4S, EV 73.1 MPH)
|
|
Batting: LHB Marshall Daul
|
0-0: Ball 1-0: Foul Ball, location: 2F 1-1: Called Strike 1-2: Strikes out swinging
|
| Top of the 2nd over - 1 run, 1 hit, 0 errors, 0 left on base; Elizabethton 4 - Bluefield 0 |
| BOTTOM OF THE 2ND |
|
Bluefield Blue Jays batting - Pitching for Elizabethton Twins : RHP Felix Perez
|
|
Batting: LHB Kurt Estep
|
0-0: Ball 1-0: SINGLE (Groundball, 15S, EV 76.2 MPH) (infield hit)
|
|
Batting: SHB Dominik Hasek II
|
0-0: Ball 1-0: Called Strike 1-1: Fielders Choice at 2nd, 6-4 (Groundball, 56, EV 98.1 MPH)
|
|
Batting: RHB Dan Muns
|
0-0: Ball Dominik Hasek II is caught stealing 2nd base 2-4 1-0: Foul Ball, location: 2F 1-1: Ground out 5-3 (Groundball, 56S, EV 66.2 MPH)
|
| Bottom of the 2nd over - 0 runs, 1 hit, 0 errors, 0 left on base; Elizabethton 4 - Bluefield 0 |
| TOP OF THE 3RD |
|
Elizabethton Twins batting - Pitching for Bluefield Blue Jays : RHP Bob Markle
|
|
Batting: LHB Brian Wagner
|
0-0: Ball 1-0: Ball 2-0: Foul Ball, location: 2F 2-1: Ground out 4-3 (Groundball, 34D, EV 85.0 MPH)
|
|
Batting: RHB David McClellan
|
0-0: Called Strike 0-1: Ball 1-1: Foul Ball, location: 2F 1-2: Ball 2-2: Ground out 3-1 (Groundball, 13, EV 78.1 MPH)
|
|
Batting: LHB David Ramos
|
0-0: Called Strike 0-1: Ball 1-1: Ball 2-1: SINGLE (Groundball, P, EV 86.2 MPH) (infield hit)
|
|
Batting: RHB Steve Terrell
|
0-0: Called Strike 0-1: Ball 1-1: Swinging Strike 1-2: Foul Ball, location: 2F 1-2: Ball 2-2: Ground out 4-3 (Groundball, 4, EV 102.5 MPH)
|
| Top of the 3rd over - 0 runs, 1 hit, 0 errors, 1 left on base; Elizabethton 4 - Bluefield 0 |
| BOTTOM OF THE 3RD |
|
Bluefield Blue Jays batting - Pitching for Elizabethton Twins : RHP Felix Perez
|
|
Batting: RHB Shunsuke Shiba Inu
|
0-0: Foul Ball, location: 2F 0-1: Ball 1-1: Swinging Strike 1-2: Foul Ball, location: 2F 1-2: Ball 2-2: SOLO HOME RUN (Flyball, 78XD, EV 103.8 MPH), Distance : 421 ft
|
|
Batting: RHB Carlos Bravo
|
0-0: Foul Ball, location: 2F 0-1: Called Strike 0-2: Ball 1-2: Ball 2-2: Strikes out swinging
|
|
Batting: RHB Stephen Casteel
|
0-0: Ball 1-0: Foul Ball, location: 2F 1-1: Called Strike 1-2: Strikes out looking
|
|
Batting: LHB Lothar Middelkoop
|
0-0: Foul Ball, location: 2F 0-1: Ball 1-1: Ground out U3 (Groundball, 34, EV 84.4 MPH)
|
| Bottom of the 3rd over - 1 run, 1 hit, 0 errors, 0 left on base; Elizabethton 4 - Bluefield 1 |
| TOP OF THE 4TH |
|
Elizabethton Twins batting - Pitching for Bluefield Blue Jays : RHP Bob Markle
|
|
Batting: LHB Jon Ventura
|
0-0: Called Strike 0-1: Ball 1-1: Fly out, F9 (Flyball, 9D, EV 108.1 MPH)
|
|
Batting: RHB David McDonald
|
0-0: Ball 1-0: Ball 2-0: Foul Ball, location: 2F 2-1: Foul Ball, location: 2F 2-2: TRIPLE (Flyball, 78XD, EV 111.2 MPH)
|
|
Batting: RHB Caleb Bockmann
|
0-0: Ball 1-0: Ball 2-0: Called Strike Passed Ball! David McDonald scores 2-1: Ball 3-1: Called Strike 3-2: Base on Balls
|
|
Pitching: RHP Tim Donovan
|
|
|
Batting: RHB Kevin Harris
|
0-0: Ball Caleb Bockmann is caught stealing 2nd base 2-4 1-0: Called Strike 1-1: Ball 2-1: Called Strike 2-2: Ball 3-2: Foul Ball, location: 2F 3-2: Foul Ball, location: 2F 3-2: Foul Ball, location: 2F 3-2: Foul Ball, location: 2F 3-2: Strikes out swinging
|
| Top of the 4th over - 1 run, 1 hit, 0 errors, 0 left on base; Elizabethton 5 - Bluefield 1 |
| BOTTOM OF THE 4TH |
|
Bluefield Blue Jays batting - Pitching for Elizabethton Twins : RHP Felix Perez
|
|
Batting: RHB Bill Murray
|
0-0: Ball 1-0: Ball 2-0: SINGLE (Groundball, 6S, EV 71.9 MPH) (infield hit)
|
|
Batting: LHB Eric Toney
|
0-0: Ball 1-0: DOUBLE (Flyball, 8RXD, EV 98.8 MPH) Bill Murray to third
|
|
Batting: LHB Kurt Estep
|
0-0: Swinging Strike 0-1: Ball 1-1: TRIPLE (Flyball, 89XD, EV 108.1 MPH) Bill Murray scores Eric Toney scores
|
|
Batting: SHB Dominik Hasek II
|
0-0: Fly out, F9 (Flyball, 9D, EV 103.1 MPH) Runner from 3rd tags up, SCORES, no throw by RF
|
|
Batting: RHB Dan Muns
|
0-0: Ball 1-0: Ball 2-0: Called Strike 2-1: Ball 3-1: Foul Ball, location: 2F 3-2: Fly out, F6 (Popup, 6, EV 78.8 MPH)
|
|
Batting: RHB Shunsuke Shiba Inu
|
0-0: Ball 1-0: DOUBLE (Flyball, 8RXD, EV 107.5 MPH)
|
|
Batting: RHB Carlos Bravo
|
0-0: Ground out 4-3 (Groundball, 4M, EV 85.6 MPH)
|
| Bottom of the 4th over - 3 runs, 4 hits, 0 errors, 1 left on base; Elizabethton 5 - Bluefield 4 |
| TOP OF THE 5TH |
|
Elizabethton Twins batting - Pitching for Bluefield Blue Jays : RHP Tim Donovan
|
|
Batting: LHB Marshall Daul
|
0-0: Foul Ball, location: 2F 0-1: Foul Ball, location: 2F 0-2: Ball 1-2: Ball 2-2: Foul Ball, location: 2F 2-2: Ball 3-2: Foul Ball, location: 2F 3-2: Foul Ball, location: 2F 3-2: SINGLE (Groundball, 4MD, EV 101.2 MPH)
|
|
Batting: LHB Brian Wagner
|
0-0: Swinging Strike 0-1: Called Strike Marshall Daul steals 2nd, throwing error, E2 Marshall Daul to third 0-2: Strikes out swinging
|
|
Batting: RHB David McClellan
|
0-0: Foul Ball, location: 2F 0-1: Foul Ball, location: 2F 0-2: SINGLE (Groundball, 56D, EV 107.5 MPH) Marshall Daul scores
|
|
Batting: LHB David Ramos
|
0-0: Ball 1-0: Fly out, F9 (Flyball, 9D, EV 85.0 MPH)
|
|
Batting: RHB Steve Terrell
|
0-0: DOUBLE (Flyball, 89D, EV 102.5 MPH) David McClellan to third Runner from 3rd tries for Home, SAFE, no throw by RF
|
|
Batting: LHB Jon Ventura
|
0-0: Ground out 5-3 (Groundball, 56, EV 78.1 MPH)
|
| Top of the 5th over - 2 runs, 3 hits, 1 error, 1 left on base; Elizabethton 7 - Bluefield 4 |
| BOTTOM OF THE 5TH |
|
Bluefield Blue Jays batting - Pitching for Elizabethton Twins : RHP Felix Perez
|
|
Batting: RHB Stephen Casteel
|
0-0: Foul Ball, location: 2F 0-1: Foul Ball, location: 2F 0-2: SINGLE (Line Drive, 7LS, EV 94.4 MPH)
|
|
Batting: LHB Lothar Middelkoop
|
0-0: Ball Stephen Casteel is caught stealing 2nd base 2-6 1-0: Ball 2-0: Ball 3-0: Called Strike 3-1: Ground out 5-3 (Groundball, 6, EV 86.2 MPH)
|
|
Batting: RHB Bill Murray
|
0-0: Ball 1-0: Ball 2-0: Called Strike 2-1: Called Strike 2-2: Strikes out swinging
|
| Bottom of the 5th over - 0 runs, 1 hit, 0 errors, 0 left on base; Elizabethton 7 - Bluefield 4 |
| TOP OF THE 6TH |
|
Elizabethton Twins batting - Pitching for Bluefield Blue Jays : RHP Tim Donovan
|
|
Batting: RHB David McDonald
|
0-0: Called Strike 0-1: Fly out, F3 (Popup, 23F, EV 80.6 MPH)
|
|
Batting: RHB Caleb Bockmann
|
0-0: Called Strike 0-1: Called Strike 0-2: Ball 1-2: Foul Ball, location: 2F 1-2: Fly out, F8 (Flyball, 8LD, EV 95.6 MPH)
|
|
Batting: RHB Kevin Harris
|
0-0: Foul Ball, location: 2F 0-1: Ball 1-1: Ball 2-1: Foul Ball, location: 2F 2-2: SINGLE (Flyball, 8LS, EV 87.5 MPH)
|
|
Batting: LHB Marshall Daul
|
0-0: DOUBLE (Line Drive, 3D, EV 101.2 MPH) Kevin Harris to third
|
|
Batting: LHB Brian Wagner
|
0-0: Fly out, F4 (Popup, 23, EV 78.1 MPH)
|
| Top of the 6th over - 0 runs, 2 hits, 0 errors, 2 left on base; Elizabethton 7 - Bluefield 4 |
| BOTTOM OF THE 6TH |
|
Bluefield Blue Jays batting - Pitching for Elizabethton Twins : RHP Felix Perez
|
|
Batting: LHB Eric Toney
|
0-0: Called Strike 0-1: Ball 1-1: Ball 2-1: Called Strike 2-2: Fly out, F5 (Popup, 56, EV 77.5 MPH)
|
|
Batting: LHB Kurt Estep
|
0-0: Fly out, F4 (Line Drive, 4, EV 66.2 MPH)
|
|
Batting: SHB Dominik Hasek II
|
0-0: Ball 1-0: Swinging Strike 1-1: Fly out, F9 (Line Drive, 9, EV 89.4 MPH)
|
| Bottom of the 6th over - 0 runs, 0 hits, 0 errors, 0 left on base; Elizabethton 7 - Bluefield 4 |
| TOP OF THE 7TH |
|
Elizabethton Twins batting - Pitching for Bluefield Blue Jays : RHP Tim Donovan
|
|
Pitching: RHP Aaron Meiggs
|
|
|
Batting: RHB David McClellan
|
0-0: Swinging Strike 0-1: Called Strike 0-2: Ball 1-2: TRIPLE (Flyball, 78XD, EV 111.9 MPH)
|
|
Batting: LHB David Ramos
|
0-0: Ball 1-0: Called Strike 1-1: Swinging Strike 1-2: Strikes out swinging
|
|
Batting: RHB Steve Terrell
|
0-0: Ball 1-0: Ball 2-0: Called Strike 2-1: Swinging Strike 2-2: Strikes out swinging
|
|
Batting: LHB Jon Ventura
|
0-0: Called Strike 0-1: Foul Ball, location: 2F 0-2: Foul Ball, location: 2F 0-2: Ball 1-2: Strikes out looking
|
| Top of the 7th over - 0 runs, 1 hit, 0 errors, 1 left on base; Elizabethton 7 - Bluefield 4 |
| BOTTOM OF THE 7TH |
|
Bluefield Blue Jays batting - Pitching for Elizabethton Twins : RHP Felix Perez
|
|
Pitching: RHP Miguel Montelongo
|
|
|
Batting: RHB Dan Muns
|
0-0: Foul Ball, location: 2F 0-1: Ball 1-1: Called Strike 1-2: Foul Ball, location: 2F 1-2: Ground out 6-3 (Groundball, 6S, EV 81.2 MPH)
|
|
Batting: RHB Shunsuke Shiba Inu
|
0-0: Ball 1-0: Called Strike 1-1: DOUBLE (Flyball, 89XD, EV 98.8 MPH)
|
|
Batting: RHB Carlos Bravo
|
0-0: Ball 1-0: Called Strike 1-1: Foul Ball, location: 2F 1-2: Hit by Pitch
|
|
Batting: RHB Stephen Casteel
|
0-0: DOUBLE (Groundball, 5L, EV 105.0 MPH) Shunsuke Shiba Inu scores Carlos Bravo to third
|
|
Batting: LHB Lothar Middelkoop
|
0-0: Called Strike 0-1: Ball 1-1: Called Strike 1-2: Ball 2-2: Foul Ball, location: 2F 2-2: Ground out 6-3 (Groundball, 6MD, EV 104.4 MPH) Carlos Bravo scores Stephen Casteel to third
|
|
Pitching: RHP Brian Waldrip
|
|
|
Batting: RHB Bill Murray
|
0-0: Ball 1-0: Foul Ball, location: 2F 1-1: Ball 2-1: Ball 3-1: Base on Balls
|
|
Batting: LHB Eric Toney
|
0-0: Foul Ball, location: 2F 0-1: Swinging Strike 0-2: Ball 1-2: Foul Ball, location: 2F 1-2: Hit by Pitch Bill Murray to second
|
|
Batting: LHB Kurt Estep
|
0-0: Ball 1-0: Called Strike 1-1: Ball 2-1: Foul Ball, location: 2F 2-2: Foul Ball, location: 2F 2-2: Ball 3-2: Base on Balls Stephen Casteel scores Bill Murray to third Eric Toney to second
|
|
Batting: SHB Dominik Hasek II
|
0-0: Ball 1-0: Foul Ball, location: 2F 1-1: Ball 2-1: Ball 3-1: GRAND SLAM HOME RUN (Flyball, 89XD, EV 104.4 MPH), Distance : 424 ft
|
|
Pitching: RHP Takeshi Kusanagi
|
|
|
Batting: RHB Dan Muns
|
0-0: Ball 1-0: Ball 2-0: Foul Ball, location: 2F 2-1: Ball 3-1: Base on Balls
|
|
Batting: RHB Shunsuke Shiba Inu
|
0-0: Ball Dan Muns steals 2nd base 1-0: DOUBLE (Groundball, 5L, EV 104.4 MPH) Dan Muns scores
|
|
Batting: RHB Carlos Bravo
|
0-0: Ball 1-0: Ground out 5-3 (Groundball, 5L, EV 103.1 MPH)
|
| Bottom of the 7th over - 8 runs, 4 hits, 0 errors, 1 left on base; Elizabethton 7 - Bluefield 12 |
| TOP OF THE 8TH |
|
Elizabethton Twins batting - Pitching for Bluefield Blue Jays : RHP Aaron Meiggs
|
|
Batting: RHB David McDonald
|
0-0: Ball 1-0: Ground out 5-3 (Groundball, 56S, EV 66.2 MPH)
|
|
Batting: RHB Caleb Bockmann
|
0-0: Ball 1-0: Ball 2-0: Called Strike 2-1: Hit by Pitch
|
|
Batting: RHB Kevin Harris
|
0-0: Ball 1-0: Ball 2-0: Ball 3-0: Base on Balls Caleb Bockmann to second
|
|
Batting: LHB Marshall Daul
|
0-0: Foul Ball, location: 2F 0-1: Foul Ball, location: 2F 0-2: Ball 1-2: Fly out, F9 (Flyball, 89D, EV 108.8 MPH)
|
|
Batting: LHB Brian Wagner
|
0-0: Ball Passed Ball! Caleb Bockmann to third Kevin Harris to second 1-0: 3-RUN HOME RUN (Flyball, 9LD, EV 89.4 MPH), Distance : 333 ft
|
|
Pitching: RHP Joe Linkous
|
|
|
Batting: RHB David McClellan
|
0-0: Called Strike 0-1: Foul Ball, location: 2F 0-2: Strikes out swinging
|
| Top of the 8th over - 3 runs, 1 hit, 0 errors, 0 left on base; Elizabethton 10 - Bluefield 12 |
| BOTTOM OF THE 8TH |
|
Bluefield Blue Jays batting - Pitching for Elizabethton Twins : RHP Takeshi Kusanagi
|
|
Batting: RHB Stephen Casteel
|
0-0: Swinging Strike 0-1: Ground out 4-3 (Groundball, 4, EV 99.4 MPH)
|
|
Batting: LHB Lothar Middelkoop
|
0-0: Hit by Pitch
|
|
Batting: RHB Bill Murray
|
0-0: Ball 1-0: Ball Lothar Middelkoop steals 2nd, throwing error, E2 Lothar Middelkoop to third 2-0: Ball 3-0: Base on Balls
|
|
Batting: LHB Eric Toney
|
0-0: Ball 1-0: Foul Ball, location: 2F 1-1: Swinging Strike 1-2: Ball 2-2: Strikes out looking
|
|
Batting: LHB Kurt Estep
|
0-0: Ball 1-0: Ball 2-0: Ball 3-0: Base on Balls Bill Murray to second
|
|
Batting: SHB Dominik Hasek II
|
0-0: Swinging Strike 0-1: SINGLE (Line Drive, 56D, EV 99.4 MPH) Lothar Middelkoop scores Bill Murray to third Kurt Estep to second Runner from 3rd tries for Home, SAFE, throw by LF to home
|
|
Batting: RHB Dan Muns
|
0-0: Ball 1-0: Ball 2-0: Called Strike 2-1: Called Strike 2-2: Ball 3-2: Base on Balls Kurt Estep to third Dominik Hasek II to second
|
|
Batting: RHB Shunsuke Shiba Inu
|
0-0: Called Strike 0-1: Foul Ball, location: 2F 0-2: Ball 1-2: Ball 2-2: Foul Ball, location: 2F 2-2: Ball Wild Pitch! Kurt Estep scores Dominik Hasek II to third Dan Muns to second 3-2: Base on Balls
|
|
Batting: RHB Carlos Bravo
|
0-0: Foul Ball, location: 2F 0-1: Called Strike 0-2: SINGLE (Line Drive, 56, EV 106.9 MPH) Dominik Hasek II scores Dan Muns to third Shunsuke Shiba Inu to second Runner from 3rd tries for Home, throw by LF and OUT! 7-2
|
| Bottom of the 8th over - 4 runs, 2 hits, 1 error, 2 left on base; Elizabethton 10 - Bluefield 16 |
| TOP OF THE 9TH |
|
Elizabethton Twins batting - Pitching for Bluefield Blue Jays : RHP Joe Linkous
|
|
Batting: LHB David Ramos
|
0-0: Called Strike 0-1: Ball 1-1: Ball 2-1: Ball 3-1: Base on Balls
|
|
Batting: RHB Steve Terrell
|
0-0: Called Strike 0-1: Called Strike 0-2: Ball 1-2: Ball 2-2: Strikes out looking
|
|
Batting: LHB Jon Ventura
|
0-0: Ball 1-0: Swinging Strike 1-1: Foul Ball, location: 2F 1-2: Ball 2-2: Foul Ball, location: 2F 2-2: Strikes out looking
|
|
Batting: RHB David McDonald
|
0-0: Foul Ball, location: 2F 0-1: Swinging Strike 0-2: Ground out 4-3 (Groundball, 4, EV 85.6 MPH)
|
| Top of the 9th over - 0 runs, 0 hits, 0 errors, 1 left on base; Elizabethton 10 - Bluefield 16 |
|